 Dungeon Crawl Stone Soup version 0.16.0-18-g484a79e (console) character file.

21 gw the Vexing (level 2, -7/16 HPs)
             Began as a Deep Elf Arcane Marksman on Mar 22, 2015.
             Mangled by a gnoll
             ... wielding a cursed -1 spear
              (8 damage)
             ... on level 2 of the Dungeon.
             The game lasted 00:00:59 (1002 turns).

gw the Vexing (Deep Elf Arcane Marksman)            Turns: 1002, Time: 00:00:59

Health: -7/16      AC:  2    Str:  8      XL:     2   Next: 65%
Magic:  2/7        EV: 13    Int: 14 (17) God:
Gold:   146        SH:  0    Dex: 14      Spells: 1 memorised, 4 levels left

rFire  . . .     SeeInvis .     b - +0 shortbow
rCold  . . .     Clarity  .     a - +0 robe
rNeg   . . .     SustAb   .     (no shield)
rPois  .         Gourm    .     (no helmet)
rElec  .         Spirit   .     (no cloak)
rCorr  .         Warding  .     (no gloves)
rMut   .         Stasis   .     (no boots)
MR     +....                    (no amulet)
Stlth  +.........               (no ring)
                                k - ring of protection from magic

@: somewhat resistant to hostile enchantments, very unstealthy
A: no striking features
a: no special abilities


You were on level 2 of the Dungeon.
You were not hungry.

You visited 1 branch of the dungeon, and saw 2 of its levels.

You collected 146 gold pieces.

Inventory:

Hand weapons
 b - a +0 shortbow (weapon)
Missiles
 c - 8 arrows (quivered)
Armour
 a - a +0 robe (worn)
Jewellery
 k - a ring of protection from magic (left hand)
Scrolls
 e - a scroll of recharging {unknown}
Potions
 g - a potion of haste {unknown}
 i - a potion of curing
Books
 d - a book of Debilitation

   Spells                             Type                      Level
   a - Corona                         Hexes                        1
   b - Slow                           Hexes                        2
   c - Inner Flame                    Hexes/Fire                   3
   d - Enslavement                    Hexes                        4
   e - Cause Fear                     Hexes                        4
   f - Leda's Liquefaction            Hexes/Earth                  4
Comestibles
 f - a bread ration
 h - 2 meat rations


   Skills:
 + Level 1.1 Fighting
 + Level 2.5 Bows
 + Level 0.4 Armour
 - Level 2.4 Dodging
 * Level 2.4 Spellcasting
 + Level 4.1 Hexes


You had 4 spell levels left.
You knew the following spells:

 Your Spells              Type           Power        Failure   Level  Hunger
a - Corona                Hex            ##.....      4%          1    #......


Dungeon Overview and Level Annotations

Branches:
Dungeon (2/15)

Altars:


Message History

Confirm with . or Enter, or press ? or * to list all spells.
Aiming: Corona
Press: ? - help, Shift-Dir - straight line, f/p - gnoll
Aim: a gnoll, wielding a spear (heavily wounded, chance 58%)
The gnoll is outlined in light.
The gnoll hits you from afar with a spear.
Unknown command.
Unknown command.
Unknown command.
Unknown command.
Attempting RANGED ATTACK TO (0,2) Firing (i - inventory):
c - 9 arrows (quivered)
Press: ? - help, Shift-Dir - straight line, f/p - gnoll
Aim: a gnoll, wielding a spear (heavily wounded, softly glowing)
You shoot an arrow.
The arrow hits the gnoll but does no damage.
The gnoll is heavily wounded.
The gnoll hits you from afar with a spear!
Ouch! That really hurt!
You die...

######## #......#########
#.####.##.....># ##
###.####.##.####.#
#.##......#.##.####.#
#.#.#..........e##.########
###..#....#.##.#)##........#
.#.###......##.#g##.######..#
#.## #########......# #.#
##..(### #.### #...( ....#
#...#g ....# #####.# ....# .


You could see a gnoll.

Table legend:
 A = Turns spent in this place as a percentage of turns spent in the entire game.
 B = Non-inter-level travel turns spent in this place as a percentage of non-inter-level travel turns spent in the entire game.
 C = Inter-level travel turns spent in this place as a percentage of turns spent in this place.
 D = Turns resting spent in this place as a percentage of non-inter-level travel turns spent in this place.
 E = Turns spent auto-exploring this place as a percentage of non-inter-level travel turns spent in this place.
 F = Non-inter-level travel turns spent in this place divided by the number of levels of this place that you've seen.
                   A       B       C       D       E      F
               +-------+-------+-------+-------+-------+----------------------
         Total | 100.0 | 100.0 |   0.1 |   2.1 |   3.4 | 667.0
       Dungeon | 100.0 | 100.0 |   0.1 |   2.1 |   3.4 | 667.0
               +-------+-------+-------+-------+-------+----------------------

Table legend:
 A = Kills in this place as a percentage of kills in entire the game.
 B = Kills by you in this place as a percentage of kills by you in the entire game.
 C = Kills by friends in this place as a percentage of kills by friends in the entire game.
 D = Other kills in this place as a percentage of other kills in the entire game.
 E = Experience gained in this place as a percentage of experience gained in the entire game.
 F = Experience gained in this place divided by the number of levels of this place that you have seen.
                   A       B       C       D       E      F
               +-------+-------+-------+-------+-------+----------------------
         Total | 100.0 | 100.0 |  -nan |  -nan | 100.0 |  15.5
       Dungeon | 100.0 | 100.0 |  -nan |  -nan | 100.0 |  15.5
               +-------+-------+-------+-------+-------+----------------------

Vanquished Creatures
  A gnoll (D:2)
  A goblin (D:1)
  A hobgoblin (D:2)
  4 bats (D:1)
  A giant newt (D:1)
  2 kobolds
  5 rats
15 creatures vanquished.

Notes
Turn   | Place    | Note
--------------------------------------------------------------
     0 | D:1      | gw, the Deep Elf Arcane Marksman, began the quest for the Orb.
     0 | D:1      | Reached XP level 1. HP: 11/11 MP: 3/3
   430 | D:1      | Reached skill level 1 in Fighting
   477 | D:1      | Reached XP level 2. HP: 16/16 MP: 6/6
  1002 | D:2      | Mangled by a gnoll

Action                   || total
-------------------------++-------
 Fire: Shortbow          ||    34
 Cast: Corona            ||    19
  Use: Potion            ||     5
       Scroll            ||     2

Vault maps used:
D:1:      minmay_arrival_glassed_features
D:2:      minmay_misc_feat_roman, dk_noncrumbling_3
